 Dungeon Crawl Stone Soup version 0.21.1-1-g345015f (webtiles) character file.

5431 tidbits the Magician (level 10, -8/79 HPs)
             Began as a Gnoll Skald on June 22, 2018.
             Was a Believer of Cheibriados.
             Mangled by a troll (15 damage)
             ... on level 2 of the Orcish Mines.
             The game lasted 00:24:30 (2028 turns).

tidbits the Magician (Gnoll Skald)                  Turns: 2028, Time: 00:24:31

Health: -8/79      AC:  3    Str: 20    XL:     10   Next: 67%
Magic:  15/21      EV: 24    Int: 25    God:    Cheibriados [**....]
Gold:   448        SH:  0    Dex: 25    Spells: 11/23 levels left

rFire    + . .     SeeInvis +   a - +0 war axe
rCold    . . .     Gourm    .   (no shield)
rNeg     . . .     Faith    .   B - +0 robe {Archmagi}
rPois    .         Spirit   .   (no helmet)
rElec    .         Reflect  .   (no cloak)
rCorr    .         Harm     .   G - +0 pair of gloves
MR       .....                  (no boots)
Stlth    +++++.....             (no amulet)
HPRegen  1.23/turn              L - ring of see invisible
MPRegen  0.17/turn              C - ring of protection from fire

@: agile, singing (expiring), regenerating (expiring), very slow
A: distributed training, fangs 1, strong nose
a: Bend Time, Renounce Religion


You were on level 2 of the Orcish Mines.
You worshipped Cheibriados.
Cheibriados was pleased with you.
You were not hungry.

You visited 2 branches of the dungeon, and saw 14 of its levels.

You collected 448 gold pieces.

Inventory:

Hand Weapons
 a - a +0 war axe (weapon)
 f - a cursed -2 scimitar
 g - a +2 short sword of electrocution
   (You found it on level 1 of the Dungeon)
 u - a +0 hand axe
 x - a +0 trident
 A - a +0 short sword of electrocution
   (You took it off an orc on level 8 of the Dungeon)
 F - the +3 whip of False Accusations {speed, rF++ MR- Dex+3}
   (You found it on level 8 of the Dungeon)

   Attacks with this weapon are significantly faster.
   It affects your dexterity (+3).
   It greatly protects you from fire.
   It affects your resistance to hostile enchantments.
   Cheibriados disapproves of the use of such an item.
 K - a +0 long sword
Missiles
 s - 29 arrows
 y - 5 tomahawks (quivered)
Armour
 b - a +0 leather armour
 B - a +0 robe of the Archmagi (worn)
   (You took it off Blork the orc on level 4 of the Dungeon)
 G - a +0 pair of gloves (worn)
Jewellery
 m - a +2 ring of intelligence
   (You found it on level 2 of the Dungeon)
 C - a ring of protection from fire (right hand)
   (You found it on level 8 of the Dungeon)
 L - a ring of see invisible (left hand)
   (You found it on level 10 of the Dungeon)
Wands
 k - a wand of polymorph (15)
 n - a wand of flame (22)
 p - a wand of paralysis (5)
 z - a wand of enslavement (6)
Scrolls
 h - 2 scrolls of fear {unknown}
 i - 2 scrolls of teleportation {unknown}
 j - a scroll of random uselessness
 l - a scroll of remove curse {unknown}
 o - 2 scrolls of immolation
 w - 4 scrolls of amnesia
 E - a scroll of fog {unknown}
 M - a scroll of torment {unknown}
Potions
 e - 3 potions of agility
 q - a potion of magic
 r - a potion of heal wounds
 t - 2 potions of haste {unknown}
 H - a potion of might {unknown}
 I - a potion of berserk rage {unknown}
 J - 4 potions of curing {unknown}
Books
 d - a book of Battle

   Spells                             Type                      Level
   a - Infusion                       Charms                       1
   b - Shroud of Golubria             Charms/Translocation         2
   c - Song of Slaying                Charms                       2
   d - Spectral Weapon                Hexes/Charms                 3
   e - Regeneration                   Charms/Necromancy            3
 v - a book of Cantrips
   (You found it on level 6 of the Dungeon)

   Spells                             Type                      Level
   a - Confusing Touch                Hexes                        1
   b - Animate Skeleton               Necromancy                   1
   c - Summon Small Mammal            Summoning                    1
   d - Apportation                    Translocation                1
 D - a book of Changes
   (You found it on level 8 of the Dungeon)

   Spells                             Type                      Level
   a - Beastly Appendage              Transmutation                1
   b - Sticks to Snakes               Transmutation                2
   c - Spider Form                    Transmutation/Poison         3
   d - Ice Form                       Ice/Transmutation            4
   e - Blade Hands                    Transmutation                5
Comestibles
 c - 9 rations


   Skills:
 + Level 7.2 Fighting
 + Level 5.4 Short Blades
 + Level 5.4 Long Blades
 + Level 7.2 Axes
 + Level 5.4 Maces & Flails
 + Level 5.4 Polearms
 + Level 5.4 Staves
 + Level 5.4 Slings
 + Level 5.4 Bows
 + Level 5.4 Crossbows
 + Level 5.4 Throwing
 + Level 6.0 Armour
 + Level 7.2 Dodging
 + Level 5.4 Stealth
 + Level 5.4 Shields
 + Level 5.4 Unarmed Combat
 + Level 7.4 Spellcasting
 + Level 4.4 Conjurations
 + Level 4.4 Hexes
 + Level 7.1 Charms
 + Level 4.4 Summonings
 + Level 4.4 Necromancy
 + Level 4.4 Translocations
 + Level 4.4 Transmutations
 + Level 4.4 Fire Magic
 + Level 4.4 Ice Magic
 + Level 4.4 Air Magic
 + Level 4.4 Earth Magic
 + Level 4.4 Poison Magic
 + Level 5.9 Invocations
 + Level 5.4 Evocations


You had 11 spell levels left.
You knew the following spells:

 Your Spells              Type           Power        Failure   Level  Hunger
g - Shroud of Golubria    Chrm/Tloc      ######....   1%          2    None
n - Animate Skeleton      Necr           N/A          1%          1    None
r - Regeneration          Chrm/Necr      ######....   1%          3    None
w - Spectral Weapon       Hex/Chrm       ######..     1%          3    None
y - Song of Slaying       Chrm           ######..     1%          2    None
A - Apportation           Tloc           #####.       1%          1    None


Dungeon Overview and Level Annotations

Branches:
Dungeon (12/15)               Orc (2/2) D:11
 Temple: D:4-7         Lair: D:8-11         Elf: Orc:2

Altars:
Cheibriados
Qazlal
Vehumet
Wu Jian
Yredelemnul
The Shining One

Shops:
D:4 =


Innate Abilities, Weirdness & Mutations

Your experience applies equally to all skills.
You have very sharp teeth.
Your uncanny sense of smell can sniff out nearby items.


Message History

You hear a shout! x2
An orc comes into view. It is wielding a dagger.
A troll comes into view.
You hear a howl!
You hear a shout! x5
A warg, an orc warrior and an orc wizard come into view.
Unknown command.
Evoke which item? (* to show all) (? for menu, Esc to quit)
Aiming: Enslavement
Press: ? - help, Shift-Dir - straight line, f - orc warrior
Aim: an orc warrior, wielding a halberd and wearing a plate armour (chance to defeat MR: 62%)
The orc warrior is charmed.
You hear a shout! x2
A tomahawk appears from out of your range of vision.
The tomahawk hits your orc warrior but does no damage.
An orc and an orc wizard come into view.
You closely miss the orc. You bite the orc, but do no damage.
Your spectral weapon hits the orc!
You kill the orc!
Cheibriados appreciates the change of pace.
A tomahawk appears from out of your range of vision.
The tomahawk misses your orc warrior.
An orc and an orc warrior come into view.
You barely miss the troll.
Your spectral weapon hits the troll.
Your spectral weapon hits the warg.
The troll completely misses you. The troll claws you! The troll claws you.
The warg bites your spectral weapon!
Your spectral weapon shares its damage with you!
* * * LOW HITPOINT WARNING * * *
Your orc warrior hits something from afar with a halberd!!
A tomahawk appears from out of your range of vision.
The tomahawk barely misses your orc warrior.
The troll bites you!
* * * LOW HITPOINT WARNING * * *
The troll completely misses you. The troll claws you!
* * * LOW HITPOINT WARNING * * *
An orc and an ogre come into view.
Okay, then.
You feel much better.
Your orc warrior barely misses the ogre.
The orc wizard casts a spell.
The orc wizard seems to speed up.
The ogre hits your orc warrior with a giant spiked club!
The warg misses you. The troll misses you. The troll claws you!
* * * LOW HITPOINT WARNING * * *
The troll completely misses you.
Unknown command.
You slash the warg!
The warg is heavily wounded.
You slash the troll!
Your spectral weapon hits the warg!
Your spectral weapon hits the troll but does no damage.
The warg misses you.
The orc wizard casts a spell.
The orc wizard flickers and vanishes for a moment.
Your orc warrior closely misses the ogre.
The troll bites you.
* * * LOW HITPOINT WARNING * * *
The troll misses you. The troll claws you!
* * * LOW HITPOINT WARNING * * *
The ogre hits your orc warrior with a giant spiked club! 2 orcs come into view.
You feel much better.
The orc wizard hits you but does no damage.
The warg bites you but does no damage.
Your orc warrior closely misses the ogre.
The troll bites you!
* * * LOW HITPOINT WARNING * * *
The troll misses you. The troll claws you!
* * * LOW HITPOINT WARNING * * *
The orc barely misses your orc warrior. The warg bites you.
* * * LOW HITPOINT WARNING * * *
Unknown command.
You slash the warg!
You kill the warg!
Cheibriados thoroughly appreciates the change of pace.
You closely miss the orc warrior. You slash the troll!
Your song is almost over.
The ogre barely misses your orc warrior.
The troll misses you. The troll closely misses you. The troll misses you.
Your orc warrior hits the ogre with a halberd.
The orcs go into a battle-frenzy!
The orc hits your orc warrior but does no damage.
You hit the orc but do no damage. Your punch misses the orc.
You kill the orc!
Cheibriados appreciates the change of pace.
You slash the troll! You hit the orc warrior.
Your skin is crawling a little less now.
The ogre barely misses your orc warrior.
The orc wizard gestures at you while chanting.
You easily resist.
The troll completely misses you. The troll claws you!
* * * LOW HITPOINT WARNING * * *
The troll completely misses you. The orc warrior barely misses you.
The orc hits your orc warrior but does no damage.
Your orc warrior hits the orc with a halberd!!
The orc dies!
Cheibriados appreciates the change of pace.
You feel agile all of a sudden. The orc wizard barely misses you.
The orc wizard hits you but does no damage.
The orc closely misses your spectral weapon.
The troll bites you!
You die...

........)O.....
........o......
....#.........
#............
#####...(o...$...
##.......(o....#..
##.........(T......
#..........@oo..#.
...........oo....#
..#................
...................
..................#
#.......<.....#....
##...........##....
####..###.### .##
### ###


You could see a troll, an orc warrior, an ogre, 2 orc wizards, 3 orcs, a
friendly orc warrior and a friendly spectral war axe.

Vanquished Creatures
  The ghost of tidbits the Magician, a journeyman GnSk of Cheibriados (D:11)
  2 two-headed ogres
  A manticore (D:11)
  3 trolls
  Grinder (D:6)
  A wyvern (D:10)
  2 wargs
  An orc warrior (Orc:1)
  A sky beast (D:8)
  An ogre (D:4)
  An eye of draining (D:10)
  Blork the orc (D:4)
  4 bullfrogs
  2 scorpions
  9 killer bees
  A crimson imp (D:10)
  2 jellies
  3 hounds
  3 orc priests
  Jessica (D:3)
  An iguana (D:10)
  5 orc wizards
  3 worker ants
  A worker ant zombie (D:6)
  6 adders
  2 shadow imps
  An ooze (D:3)
  A dart slug (D:4)
  A leopard gecko (D:8)
  14 orcs
  2 bats
  A giant cockroach (D:2)
  4 goblins
  3 hobgoblins
  8 jackals
  A quokka (D:11)
  A frilled lizard (D:1)
  A kobold (D:3)
  A quokka zombie (D:8)
  5 rats
103 creatures vanquished.

Vanquished Creatures (collateral kills)
  An orc (Orc:2)
1 creature vanquished.

Vanquished Creatures (others)
  4 killer bees (D:10)
4 creatures vanquished.

Grand Total: 108 creatures vanquished

Notes
Turn   | Place    | Note
-------+----------+-------------------------------------------
     0 | D:1      | tidbits the Gnoll Skald began the quest for the Orb.
     0 | D:1      | Reached XP level 1. HP: 20/20 MP: 6/6
   219 | D:2      | Reached XP level 2. HP: 22/26 MP: 4/7
   223 | D:2      | Learned a level 2 spell: Song of Slaying
   226 | D:2      | Learned a level 2 spell: Shroud of Golubria
   299 | D:3      | Reached XP level 3. HP: 31/31 MP: 1/9
   304 | D:3      | Learned a level 3 spell: Regeneration
   308 | D:3      | Learned a level 3 spell: Spectral Weapon
   344 | D:2      | Reached skill level 5 in Spellcasting
   357 | D:2      | Reached skill level 1 in Invocations
   367 | D:3      | Noticed Jessica
   380 | D:3      | Killed Jessica
   380 | D:3      | Reached skill level 1 in Short Blades
   380 | D:3      | Reached skill level 1 in Long Blades
   380 | D:3      | Reached skill level 1 in Maces & Flails
   380 | D:3      | Reached skill level 1 in Polearms
   380 | D:3      | Reached skill level 1 in Staves
   380 | D:3      | Reached skill level 1 in Slings
   380 | D:3      | Reached skill level 1 in Bows
   380 | D:3      | Reached skill level 1 in Crossbows
   380 | D:3      | Reached skill level 1 in Throwing
   380 | D:3      | Reached skill level 1 in Stealth
   380 | D:3      | Reached skill level 1 in Shields
   380 | D:3      | Reached skill level 1 in Unarmed Combat
   380 | D:3      | Reached skill level 1 in Evocations
   380 | D:3      | Reached XP level 4. HP: 34/38 MP: 2/11
   444 | D:4      | Noticed an ogre
   445 | D:4      | Noticed Blork the orc
   454 | D:4      | Killed an ogre
   454 | D:4      | Reached skill level 3 in Armour
   454 | D:4      | Reached skill level 1 in Conjurations
   454 | D:4      | Reached skill level 1 in Hexes
   454 | D:4      | Reached skill level 1 in Summonings
   454 | D:4      | Reached skill level 1 in Necromancy
   454 | D:4      | Reached skill level 1 in Translocations
   454 | D:4      | Reached skill level 1 in Transmutations
   454 | D:4      | Reached skill level 1 in Fire Magic
   454 | D:4      | Reached skill level 1 in Ice Magic
   454 | D:4      | Reached skill level 1 in Air Magic
   454 | D:4      | Reached skill level 1 in Earth Magic
   454 | D:4      | Reached skill level 1 in Poison Magic
   454 | D:4      | Reached XP level 5. HP: 22/43 MP: 3/12
   463 | D:4      | Killed Blork the orc
   463 | D:4      | Reached skill level 2 in Invocations
   463 | D:4      | Reached XP level 6. HP: 14/50 MP: 2/14
   464 | D:4      | Reached skill level 5 in Fighting
   464 | D:4      | Reached skill level 2 in Short Blades
   464 | D:4      | Reached skill level 2 in Long Blades
   464 | D:4      | Reached skill level 5 in Axes
   464 | D:4      | Reached skill level 2 in Maces & Flails
   464 | D:4      | Reached skill level 2 in Polearms
   464 | D:4      | Reached skill level 2 in Staves
   464 | D:4      | Reached skill level 2 in Slings
   464 | D:4      | Reached skill level 2 in Bows
   464 | D:4      | Reached skill level 2 in Crossbows
   464 | D:4      | Reached skill level 2 in Throwing
   464 | D:4      | Reached skill level 5 in Dodging
   464 | D:4      | Reached skill level 2 in Stealth
   464 | D:4      | Reached skill level 2 in Shields
   464 | D:4      | Reached skill level 2 in Unarmed Combat
   464 | D:4      | Reached skill level 2 in Evocations
   491 | D:5      | Entered Level 5 of the Dungeon
   549 | D:4      | Found Voanwe's Jewellery Shop.
   620 | D:4      | Found a snail-covered altar of Cheibriados.
   636 | D:4      | Became a worshipper of Cheibriados the Contemplative
   735 | D:5      | You fall through a shaft!
   766 | D:6      | Found an ornate altar of the Wu Jian Council.
   796 | D:6      | Reached XP level 7. HP: 56/56 MP: 6/15
   941 | D:6      | Found a stormy altar of Qazlal.
   963 | D:6      | Reached skill level 2 in Conjurations
   963 | D:6      | Reached skill level 2 in Hexes
   963 | D:6      | Reached skill level 2 in Summonings
   963 | D:6      | Reached skill level 2 in Necromancy
   963 | D:6      | Reached skill level 2 in Translocations
   963 | D:6      | Reached skill level 2 in Transmutations
   963 | D:6      | Reached skill level 2 in Fire Magic
   963 | D:6      | Reached skill level 2 in Ice Magic
   963 | D:6      | Reached skill level 2 in Air Magic
   963 | D:6      | Reached skill level 2 in Earth Magic
   963 | D:6      | Reached skill level 2 in Poison Magic
  1021 | D:5      | Found a glowing golden altar of the Shining One.
  1079 | D:6      | Found a basalt altar of Yredelemnul.
  1103 | D:6      | Learned a level 1 spell: Apportation
  1164 | D:6      | Noticed Grinder
  1171 | D:6      | Killed Grinder
  1171 | D:6      | Reached skill level 3 in Invocations
  1178 | D:6      | Learned a level 1 spell: Animate Skeleton
  1206 | D:8      | Reached skill level 6 in Charms
  1206 | D:8      | Reached XP level 8. HP: 33/63 MP: 11/16
  1210 | D:8      | Reached * piety under Cheibriados
  1215 | D:8      | Reached skill level 4 in Armour
  1262 | D:8      | Reached skill level 3 in Short Blades
  1262 | D:8      | Reached skill level 3 in Long Blades
  1262 | D:8      | Reached skill level 3 in Maces & Flails
  1262 | D:8      | Reached skill level 3 in Polearms
  1262 | D:8      | Reached skill level 3 in Staves
  1262 | D:8      | Reached skill level 3 in Slings
  1262 | D:8      | Reached skill level 3 in Bows
  1262 | D:8      | Reached skill level 3 in Crossbows
  1262 | D:8      | Reached skill level 3 in Throwing
  1262 | D:8      | Reached skill level 3 in Stealth
  1262 | D:8      | Reached skill level 3 in Shields
  1262 | D:8      | Reached skill level 3 in Unarmed Combat
  1262 | D:8      | Reached skill level 3 in Evocations
  1270 | D:8      | Noticed a two-headed ogre
  1281 | D:8      | Killed a two-headed ogre
  1281 | D:8      | Reached skill level 6 in Spellcasting
  1281 | D:8      | Reached skill level 3 in Conjurations
  1281 | D:8      | Reached skill level 3 in Hexes
  1281 | D:8      | Reached skill level 3 in Summonings
  1281 | D:8      | Reached skill level 3 in Necromancy
  1281 | D:8      | Reached skill level 3 in Translocations
  1281 | D:8      | Reached skill level 3 in Transmutations
  1281 | D:8      | Reached skill level 3 in Fire Magic
  1281 | D:8      | Reached skill level 3 in Ice Magic
  1281 | D:8      | Reached skill level 3 in Air Magic
  1281 | D:8      | Reached skill level 3 in Earth Magic
  1281 | D:8      | Reached skill level 3 in Poison Magic
  1281 | D:8      | Reached skill level 4 in Invocations
  1306 | D:8      | Reached skill level 6 in Fighting
  1306 | D:8      | Reached skill level 6 in Axes
  1306 | D:8      | Reached skill level 6 in Dodging
  1306 | D:8      | Reached XP level 9. HP: 61/69 MP: 10/18
  1357 | D:8      | Got a crystal whip
  1417 | D:10     | Entered Level 10 of the Dungeon
  1490 | D:11     | Noticed a troll
  1490 | D:11     | Noticed a troll
  1491 | D:11     | Identified the +3 whip of False Accusations {speed, rF++ MR- Dex+3} (You found it on level 8 of the Dungeon)
  1496 | D:11     | Noticed a manticore
  1499 | D:10     | HP: 2/69 [troll (5)]
  1504 | D:10     | Killed a troll
  1504 | D:10     | Reached skill level 4 in Short Blades
  1504 | D:10     | Reached skill level 4 in Long Blades
  1504 | D:10     | Reached skill level 4 in Maces & Flails
  1504 | D:10     | Reached skill level 4 in Polearms
  1504 | D:10     | Reached skill level 4 in Staves
  1504 | D:10     | Reached skill level 4 in Slings
  1504 | D:10     | Reached skill level 4 in Bows
  1504 | D:10     | Reached skill level 4 in Crossbows
  1504 | D:10     | Reached skill level 4 in Throwing
  1504 | D:10     | Reached skill level 4 in Stealth
  1504 | D:10     | Reached skill level 4 in Shields
  1504 | D:10     | Reached skill level 4 in Unarmed Combat
  1504 | D:10     | Reached skill level 4 in Evocations
  1534 | D:10     | Found a radiant altar of Vehumet.
  1571 | D:10     | Reached skill level 5 in Armour
  1653 | D:10     | Reached ** piety under Cheibriados
  1737 | D:11     | Noticed tidbits's ghost (journeyman GnSk)
  1748 | D:11     | Killed tidbits's ghost
  1748 | D:11     | Reached skill level 7 in Spellcasting
  1748 | D:11     | Reached skill level 5 in Invocations
  1748 | D:11     | Reached XP level 10. HP: 77/77 MP: 15/20
  1783 | D:11     | Noticed a green ugly thing
  1801 | D:11     | Noticed a two-headed ogre
  1822 | D:11     | Killed a two-headed ogre
  1822 | D:11     | Reached skill level 5 in Short Blades
  1822 | D:11     | Reached skill level 5 in Long Blades
  1822 | D:11     | Reached skill level 5 in Maces & Flails
  1822 | D:11     | Reached skill level 5 in Polearms
  1822 | D:11     | Reached skill level 5 in Staves
  1822 | D:11     | Reached skill level 5 in Slings
  1822 | D:11     | Reached skill level 5 in Bows
  1822 | D:11     | Reached skill level 5 in Crossbows
  1822 | D:11     | Reached skill level 5 in Throwing
  1822 | D:11     | Reached skill level 5 in Stealth
  1822 | D:11     | Reached skill level 5 in Shields
  1822 | D:11     | Reached skill level 5 in Unarmed Combat
  1822 | D:11     | Reached skill level 4 in Conjurations
  1822 | D:11     | Reached skill level 4 in Hexes
  1822 | D:11     | Reached skill level 4 in Summonings
  1822 | D:11     | Reached skill level 4 in Necromancy
  1822 | D:11     | Reached skill level 4 in Translocations
  1822 | D:11     | Reached skill level 4 in Transmutations
  1822 | D:11     | Reached skill level 4 in Fire Magic
  1822 | D:11     | Reached skill level 4 in Ice Magic
  1822 | D:11     | Reached skill level 4 in Air Magic
  1822 | D:11     | Reached skill level 4 in Earth Magic
  1822 | D:11     | Reached skill level 4 in Poison Magic
  1822 | D:11     | Reached skill level 5 in Evocations
  1831 | D:11     | Reached skill level 7 in Charms
  1868 | D:11     | Killed a manticore
  1868 | D:11     | Reached skill level 7 in Fighting
  1868 | D:11     | Reached skill level 7 in Axes
  1868 | D:11     | Reached skill level 7 in Dodging
  1958 | D:11     | Found a staircase to the Orcish Mines.
  1968 | Orc:1    | Entered Level 1 of the Orcish Mines
  1990 | Orc:1    | Reached skill level 6 in Armour
  2008 | Orc:2    | Entered Level 2 of the Orcish Mines
  2027 | Orc:2    | HP: 6/79 [troll (8)]
  2028 | Orc:2    | Mangled by a troll

Skill      XL: |  1  2  3  4  5  6  7  8  9 10 |
---------------+-------------------------------+-----
Spellcasting   | 5 6 7 |  7.4
Invocations    | 1 2 3 4 5 |  5.9
Short Blades   | 1 2 3 4 5 |  5.4
Long Blades    | 1 2 3 4 5 |  5.4
Maces & Flails | 1 2 3 4 5 |  5.4
Polearms       | 1 2 3 4 5 |  5.4
Staves         | 1 2 3 4 5 |  5.4
Slings         | 1 2 3 4 5 |  5.4
Bows           | 1 2 3 4 5 |  5.4
Crossbows      | 1 2 3 4 5 |  5.4
Throwing       | 1 2 3 4 5 |  5.4
Stealth        | 1 2 3 4 5 |  5.4
Shields        | 1 2 3 4 5 |  5.4
Unarmed Combat | 1 2 3 4 5 |  5.4
Evocations     | 1 2 3 4 5 |  5.4
Armour         | 3 4 5 6 |  6.0
Conjurations   | 1 2 3 4 |  4.4
Hexes          | 1 2 3 4 |  4.4
Summonings     | 1 2 3 4 |  4.4
Necromancy     | 1 2 3 4 |  4.4
Translocations | 1 2 3 4 |  4.4
Transmutations | 1 2 3 4 |  4.4
Fire Magic     | 1 2 3 4 |  4.4
Ice Magic      | 1 2 3 4 |  4.4
Air Magic      | 1 2 3 4 |  4.4
Earth Magic    | 1 2 3 4 |  4.4
Poison Magic   | 1 2 3 4 |  4.4
Fighting       | 5 6 7 |  7.2
Axes           | 5 6 7 |  7.2
Dodging        | 5 6 7 |  7.2
Charms         | 6 7 |  7.1

Action                   |  1- 3 |  4- 6 |  7- 9 | 10-12 || total
-------------------------+-------+-------+-------+-------++-------
Melee: Hand axe          |    35 |    43 |       |       ||    78
       Bite              |     2 |     3 |     8 |    13 ||    26
       War axe           |       |     1 |    77 |    44 ||   122
       Punch             |       |       |     1 |     2 ||     3
       Short sword       |       |       |     3 |       ||     3
Throw: Javelin           |       |     5 |     9 |       ||    14
       Tomahawk          |       |       |     5 |     6 ||    11
 Cast: Infusion          |     7 |       |       |       ||     7
       Shroud of Golubri |     2 |     1 |     5 |     2 ||    10
       Song of Slaying   |     1 |     2 |    10 |     2 ||    15
       Spectral Weapon   |     2 |    10 |    17 |     5 ||    34
       Regeneration      |       |     4 |     9 |     5 ||    18
       Apportation       |       |       |     2 |    12 ||    14
Evoke: Wand              |       |       |    13 |     7 ||    20
  Use: Potion            |       |     3 |     1 |     3 ||     7
       Scroll            |       |       |     6 |     1 ||     7
 Stab: Paralysed         |       |       |     9 |     5 ||    14
       Distracted        |       |       |     1 |       ||     1
  Eat: Chunk             |       |       |     4 |     1 ||     5
Armor: Leather armour    |     2 |     5 |       |       ||     7
       Robe              |       |     1 |     7 |     7 ||    15
Dodge: Dodged            |    20 |    64 |    84 |    54 ||   222

Table legend:
 A = Turns spent in this place as a percentage of turns spent in the entire game.
 B = Non-inter-level travel turns spent in this place as a percentage of non-inter-level travel turns spent in the entire game.
 C = Inter-level travel turns spent in this place as a percentage of turns spent in this place.
 D = Turns resting spent in this place as a percentage of non-inter-level travel turns spent in this place.
 E = Turns spent auto-exploring this place as a percentage of non-inter-level travel turns spent in this place.
 F = Non-inter-level travel turns spent in this place divided by the number of levels of this place that you've seen.
                   A       B       C       D       E      F
               +-------+-------+-------+-------+-------+----------------------
         Total | 100.0 | 100.0 |   1.5 |   0.0 |   0.0 | 142.6
       Dungeon |  97.0 |  97.0 |   1.6 |   0.0 |   0.0 | 161.4
  Orcish Mines |   3.0 |   3.0 |   0.0 |   0.0 |   0.0 |  30.0
               +-------+-------+-------+-------+-------+----------------------

Table legend:
 A = Kills in this place as a percentage of kills in entire the game.
 B = Kills by you in this place as a percentage of kills by you in the entire game.
 C = Kills by friends in this place as a percentage of kills by friends in the entire game.
 D = Other kills in this place as a percentage of other kills in the entire game.
 E = Experience gained in this place as a percentage of experience gained in the entire game.
 F = Experience gained in this place divided by the number of levels of this place that you have seen.
                   A       B       C       D       E      F
               +-------+-------+-------+-------+-------+----------------------
         Total | 100.0 | 100.0 | 100.0 |   N/A | 100.0 | 554.2
       Dungeon |  89.4 |  90.3 |   0.0 |   N/A |  88.8 | 574.3
  Orcish Mines |  10.6 |   9.7 | 100.0 |   N/A |  11.2 | 433.5
               +-------+-------+-------+-------+-------+----------------------

Vault maps used:
D:1:      lemuel_arrival_funnel, st_stairs_1, minivault_25
D:3:      marbit_many_paths, first_ration, minivault_25, minmay_goblin_outpost,
          uniq_jessica
D:4:      nicolae_overflow_crystal_walls, serial_shops, shop,
          uniq_blork_the_orc, uniq_ijyb
D:5:      nicolae_overflow_hidden_temple, fedhas_altar_4,
          minmay_misc_feat_encased, uniq_menkaure, uniq_crazy_yiuf_cottage,
          uniq_sigmund, uniq_edmund
D:6:      yredelemnul_altar_generic, lemuel_doored_altar, kennysheep_mini_moat,
          temple_hall, minmay_misc_feat_diagonals, uniq_grinder
D:7:      kiku_gazebo_pond_becter, the_bakery
D:8:      lair_entry_dummy, minmay_misc_feat_ornament, uniq_grum
D:9:      minitemple, serial_bayou_pond_d, eino_jars
D:10:     basic_altar
D:11:     orc_0_dummy
Orc:1:    enter_bailey_3, lightli_church_of_beogh, uniq_maurice
Orc:2:    st_orc_congregation, serial_shops, bzr_entry_water, uniq_nessos
